 Dungeon Crawl Stone Soup version 0.31-a0-233-g139696dc86 (webtiles) character file.

Game seed: 11351332004290764177

11 qw the Shooter (level 2, -1/24 HPs)
             Began as a Minotaur Hexslinger on July 7, 2023.
             Slain by a goblin
             ... wielding a +0 dagger
              (2 damage)
             ... on level 1 of the Dungeon.
             The game lasted 00:00:03 (66 turns).

qw the Shooter (Minotaur Hexslinger)                  Turns: 66, Time: 00:00:04

Health: -1/24      AC:  2    Str: 12    XL:     2   Next: 17%
Magic:  2/2        EV: 12    Int: 10    God:
Gold:   12         SH:  0    Dex: 12    Spells: 2/3 levels left

rFire   . . .        a - +1 sling
rCold   . . .        (no shield)
rNeg    . . .        c - +0 robe
rPois   .            (helmet restricted)
rElec   .            (no cloak)
rCorr   .            (no gloves)
SInv    .            (no boots)
Will    .....        (no amulet)
Stlth   +            (no ring)
HPRegen 0.24/turn    (no ring)
MPRegen 0.08/turn

%: no passive effects
@: no status effects
A: horns 2, retaliatory headbutt
a: no special abilities


You were on level 1 of the Dungeon.
You visited 1 branch of the dungeon, and saw 1 of its levels.

You collected 12 gold pieces.


Innate Abilities, Weirdness & Mutations

You have a pair of horns on your head.
You reflexively headbutt those who attack you in melee.


   Skills:
 + Level 1.6 Fighting
 - Level 3.0 Ranged Weapons
 - Level 2.1 Dodging
 - Level 1.0 Spellcasting
 - Level 2.0 Hexes


You had 2 spell levels left.
You knew the following spells:

 Your Spells              Type           Power      Damage    Failure   Level
a - Slow                  Hex            16%        N/A       16%         1

Your spell library contained the following spells:

 Spells                   Type           Power      Damage    Failure   Level
 Inner Flame              Hex/Fire       2%         N/A       56%         3
 Portal Projectile        Hex/Tloc       4%         N/A       56%         3
 Cause Fear               Hex            2%         N/A       83%         4

Inventory:

Hand Weapons
 a - a +1 sling (weapon)
Armour
 c - a +0 robe (worn)
Scrolls
 b - a scroll of poison
 e - a scroll of enchant armour {unknown}
Potions
 d - a potion of enlightenment {unknown}

Dungeon Overview and Level Annotations

Branches:
Dungeon (1/15)

Altars:


Message History

The goblin shouts!
A rat comes into view.
The goblin hits you with a +0 club.
You shoot a sling bullet.
The sling bullet closely misses the frilled lizard.
The frilled lizard bites you. The goblin closely misses you.
You shoot a sling bullet.
The sling bullet hits the frilled lizard.
You kill the frilled lizard!
The goblin closely misses you.
You have reached level 2!
You shoot a sling bullet.
The sling bullet closely misses the goblin.
The goblin completely misses you. The goblin closely misses you.
The goblin hits you with a +0 club. x2
You shoot a sling bullet.
The sling bullet barely misses the goblin.
The goblin closely misses you. You furiously retaliate!
You headbutt the goblin. The goblin closely misses you.
You shoot a sling bullet.
The sling bullet barely misses the goblin.
The goblin misses you. The goblin hits you with a +0 club.
You shoot a sling bullet.
The sling bullet barely misses the goblin.
The goblin hits you with a +0 club. The goblin barely misses you.
You shoot a sling bullet. The sling bullet hits the goblin.
You kill the goblin!
The goblin hits you with a +0 club. x2; The rat misses you.
You shoot a sling bullet. The sling bullet hits the goblin.
You kill the goblin!
The rat closely misses you.
You shoot a sling bullet. The sling bullet hits the rat.
You kill the rat!
You shoot a sling bullet. The sling bullet misses the goblin.
The goblin hits you with a +0 dagger. x2
You shoot a sling bullet. The sling bullet hits the goblin.
The goblin is heavily wounded.
The goblin barely misses you. You furiously retaliate!
You headbutt the goblin. The goblin hits you with a +0 dagger.
You die...

##.# #.# #.#
#######.######.#
...............#
#######.########
#.# #.# #@#
#gg))....
##.......
.)..... .......
....... ..^....
.......


You could see 2 goblins.

Vanquished Creatures
  A ball python (D:1)
  An endoplasm (D:1)
  A giant cockroach (D:1)
  4 goblins (D:1)
  A frilled lizard (D:1)
  A kobold (D:1)
  A rat (D:1)
10 creatures vanquished.

Notes
Turn   | Place    | Note
-------+----------+-------------------------------------------
     0 | D:1      | qw the Minotaur Hexslinger began the quest for the Orb.
     0 | D:1      | Reached XP level 1. HP: 16/16 MP: 1/1
     0 | D:1      | 0 ||| qw: Version: 0.3-a-46-gb1f654a
     0 | D:1      | 0 ||| qw: Game counter: 3105
     0 | D:1      | 0 ||| qw: Melee chars always use a shield: true
     0 | D:1      | 0 ||| qw: God list: Okawaru
     0 | D:1      | 0 ||| qw: Allow faded altars: false
     0 | D:1      | 0 ||| qw: Do Orc after clearing Dungeon:15 true
     0 | D:1      | 0 ||| qw: Do second Lair branch before Depths: true
     0 | D:1      | 0 ||| qw: Lair rune preference: random
     0 | D:1      | 0 ||| qw: Goals: Normal
     0 | D:1      | 0 ||| PLANNING D:1-11
    54 | D:1      | Reached skill level 3 in Ranged Weapons
    58 | D:1      | Reached XP level 2. HP: 19/23 MP: 2/2
    62 | D:1      | HP: 5/23 [goblin/+0 club (4)]
    65 | D:1      | HP: 1/24 [goblin/+0 dagger (4)]
    66 | D:1      | Slain by a goblin

Levels and vault maps discovered:
D:1:      minmay_arrival_jagged, layout_rooms, nicolae_ecumenical_snake_handling

Skill      XL: |  1 |
---------------+----+-----
Ranged Weapons | 3 |  3.0
Fighting       | |  1.6
Dodging        | |  2.1
Spellcasting   | |  1.0
Hexes          | |  2.0

Action                     || total
---------------------------++-------
   Fire: Sling             ||    23
  Dodge: Dodged            ||    12

Table legend:
 A = Non-vault XP
 B = Vault XP
 C = Vault XP percentage of total XP
 D = Non-vault monster count
 E = Vault monster count
 F = Vault count percentage of total count
                 A         B        C        D         E       F
            +---------+---------+-------+---------+---------+-------
      Total |      17 |       0 |   0.0 |      10 |       0 |   0.0
            +---------+---------+-------+---------+---------+-------
        D:1 |      17 |       0 |   0.0 |      10 |       0 |   0.0
            +---------+---------+-------+---------+---------+-------
